[Event "*** MasterClass Titled Tuesday Blitz"]
[Site "Chess.com"]
[Date "2017.10.03"]
[Round "2"]
[White "TrickyTrapChess"]
[Black "Bryakin_Mikhail"]
[Result "1-0"]
[WhiteElo "2293"]
[BlackElo "2489"]
[TimeControl "180+2"]
[EndTime "13:20:18 PDT"]
[Termination "TrickyTrapChess won by resignation"]

1. c4 e5 2. Nc3 Nf6 3. g3 Bc5 4.
Bg2 c6 5. e3 O-O 6. d4 exd4 7.
exd4 Bb4 8. Ne2 d5 9. cxd5 Nxd5 10. O-O Be6 11. Nf4 Nxf4 12. Bxf4 Bxc3 13. bxc3 Bd5 14.
Re1 Bxg2 15. Kxg2 Qd5+ 16. Qf3 Qd7 17. Re3 Na6 18. Rae1 Rfe8 19. Qe2 Rxe3 20. Qxe3 Kf8 21. Qe4 f5 22. Qe2 Re8 23. Bd6+ Kf7 24. Qh5+ Kf6 25. Qxe8 Qxd6 26. Re5 Nc7 27. Qc8 Ne6 28. Qxb7 f4 29. Qxa7 Ng5 30. Rxg5 Kxg5 31. Qc5+ 1-0

[Event "*** MasterClass Titled Tuesday Blitz"]
[Site "Chess.com"]
[Date "2017.10.03"]
[Round "2"]
[White "Rodalquilar"]
[Black "chess2matters"]
[Result "1-0"]
[WhiteElo "2493"]
[BlackElo "2299"]
[TimeControl "180+2"]
[EndTime "13:20:25 PDT"]
[Termination "Rodalquilar won by resignation"]

1. e4 e5 2. Nf3 Nc6 3. Bb5 a6 4.
Ba4 Nf6 5. d3 b5 6. Bb3 Be7 7. a4 Bb7 8. O-O O-O 9. Nc3 b4 10.
Ne2 d5 11. Ng3 dxe4 12. dxe4 Nd4 13. Nxd4 exd4 14. e5 Ne4 15. Nf5 g6 16. Nxe7+ Qxe7 17. Qxd4 Rad8 18. Qe3 Nc5 19. Bc4 Rfe8 20. b3 Qxe5 21.
Qxe5 Rxe5 22. Bf4 Ree8 23. Bxc7 Rc8 24. Bd6 Ne4 25. Bxb4 Nd2 26. Bxd2 1-0

[Event "*** MasterClass Titled Tuesday Blitz"]
[Site "Chess.com"]
[Date "2017.10.03"]
[Round "2"]
[White "mazetofonias"]
[Black "Tarlev_Konstantin"]
[Result "0-1"]
[WhiteElo "2482"]
[BlackElo "2624"]
[TimeControl "180+2"]
[EndTime "13:20:27 PDT"]
[Termination "Tarlev_Konstantin won by checkmate"]

1. d4 Nf6 2. Nf3 e6 3. Bg5 h6 4. Bh4 d6 5. Nbd2 g5 6. Bg3 Nh5 7. e4 Bg7 8. c3 Bd7 9. Bc4 Nc6 10. O-O Qe7 11. Re1 O-O 12. a4 Nxg3 13. hxg3 Rae8 14.
Bd3 Qd8 15. Nc4 Kh8 16. e5 Bc8 17. Qe2 d5 18. Ne3 Ne7 19. Bc2 Nf5 20. g4 Ne7 21. g3 Ng6 22. Kg2 f5 23. exf6 Qxf6 24. Rh1 Kg8 25.
Rae1 c6 26. b4 Bd7 27. Nf1 e5 28. Bxg6 e4 29. Ne5 Rxe5 30. dxe5 Qxg6 31. Ne3 Bxe5 32. Rc1 Rf3 33. Rhd1 h5 34. gxh5 Qxh5 35. Rh1 Rxg3+ 36.
Kf1 Qxh1# 0-1

[Event "*** MasterClass Titled Tuesday Blitz"]
[Site "Chess.com"]
[Date "2017.10.03"]
[Round "2"]
[White "ChessWarrior7197"]
[Black "GameOverBro"]
[Result "1-0"]
[WhiteElo "2657"]
[BlackElo "2296"]
[TimeControl "180+2"]
[EndTime "13:20:51 PDT"]
[Termination "ChessWarrior7197 won by resignation"]

1. e4 d6 2. d4 Nf6 3. Nc3 e5 4. Nf3 Nbd7 5. Bc4 Be7 6. O-O c6 7. a4 h6 8. Re1 Qc7 9. b3 Nf8 10. Bb2 Ng6 11. h3 O-O 12. Bd3 Bd7 13. Ne2 Nh5 14. c4 a5 15. Qc2 Nhf4 16. Nxf4 Nxf4 17. dxe5 Nxd3 18. Qxd3 Rad8 19. exd6 Bxd6 20. Qc2 Rfe8 21. Rad1 Bb4 22. Bc3 Bc5 23. Qb2 f6 24. e5 fxe5 25. Bxe5 Qb6 26. Bxg7 Bxf2+ 27. Qxf2 Rxe1+ 28. Nxe1 Qxf2+ 29. Kxf2 Kxg7 30. Nf3 Kf6 31. g4 Ke6 32. c5 Rh8 33. Rd6+ Ke7 34. Ne5 Be8 35. h4 Rh7 36. Nc4 Bd7 37.
Nxa5 Bxg4 38. Nxb7 Rf7+ 39. Ke1 Rf3 40. Na5 h5 41.
Nxc6+ Ke8 42. Rd8+ Kf7 43. Ne5+ 1-0

[Event "*** MasterClass Titled Tuesday Blitz"]
[Site "Chess.com"]
[Date "2017.10.03"]
[Round "2"]
[White "Batica1984"]
[Black "Dhaydon19"]
[Result "1-0"]
[WhiteElo "2628"]
[BlackElo "2483"]
[TimeControl "180+2"]
[EndTime "13:21:01 PDT"]
[Termination "Batica1984 won by checkmate"]

1. e4 c6 2. d4 d5 3. e5 Bf5 4. h4 h5 5. Bd3 Bxd3 6. Qxd3 e6 7. Bg5 Ne7 8. Nd2 Qb6 9. c4 Nd7 10. Ne2 Nf5 11. O-O Qa6 12. b3 Bb4 13. Ng3 Bxd2 14. Nxf5 Bxg5 15. Nd6+ Ke7 16. hxg5 g6 17. Qf3 Raf8 18.
a4 Qb6 19. cxd5 cxd5 20. Rfd1 a5 21. Rac1 h4 22. Rc3 Qb4 23. Rc7 Kd8 24. Rxb7 Qxd4 25. Rxd4 Nxe5 26. Qf6# 1-0

[Event "*** MasterClass Titled Tuesday Blitz"]
[Site "Chess.com"]
[Date "2017.10.03"]
[Round "2"]
[White "Superfelix"]
[Black "ruzomberok"]
[Result "1-0"]
[WhiteElo "2276"]
[BlackElo "2360"]
[TimeControl "180+2"]
[EndTime "13:21:01 PDT"]
[Termination "Superfelix won by checkmate"]

1. e4 c5 2. Nf3 Nc6 3. Bb5 g6 4. Bxc6 bxc6 5. h3 Bg7 6. O-O e5 7. d3 Ne7 8. Be3 d6 9. a3 O-O 10. b4 cxb4 11. axb4 a5 12. bxa5 Rxa5 13. Rxa5 Qxa5 14.
Nfd2 d5 15. Nb3 Qc7 16. Bc5 Re8 17. Qc1 Be6 18. Qa3 f5 19. f3 dxe4 20. dxe4 f4 21.
Rd1 Nc8 22. Nc3 Rd8 23. Rxd8+ Qxd8 24. Qa6 Qd7 25. Kh2 Bxb3 26. cxb3 Bf8 27. b4 Bxc5 28. bxc5 Ne7 29. Qa8+ Kg7 30. Qb8 Qd4 31. Qd6 Qxc3 32.
Qxe7+ Kh6 33. h4 Qd4 34. Kh3 Qb2 35. g4 fxg3 36. Kg4 g5 37. Qf6# 1-0

[Event "*** MasterClass Titled Tuesday Blitz"]
[Site "Chess.com"]
[Date "2017.10.03"]
[Round "2"]
[White "Too_Stupid_To_Play"]
[Black "r31415"]
[Result "0-1"]
[WhiteElo "2146"]
[BlackElo "2177"]
[TimeControl "180+2"]
[EndTime "13:21:03 PDT"]
[Termination "r31415 won by resignation"]

1. Nf3 Nf6 2. c4 c5 3. g3 Nc6 4. d4 cxd4 5. Nxd4 d5 6. Bg2 e6 7. O-O Bc5 8. Nb3 Be7 9. cxd5 Nxd5 10. Nd4 Bd7 11. e4 Nb6 12. Nc3 Bf6 13. Ndb5 O-O 14. Bf4 e5 15. Be3 Nc4 16. Bc5 Be7 17. Bxe7 Qxe7 18.
Nd5 Qd8 19. Rc1 Nb6 20. Nbc7 Rc8 21. Nxb6 axb6 22. Nd5 Be6 23. Qb3 Bxd5 24. exd5 Ne7 25. Rxc8 Nxc8 26. Qxb6 Nxb6 0-1

[Event "*** MasterClass Titled Tuesday Blitz"]
[Site "Chess.com"]
[Date "2017.10.03"]
[Round "2"]
[White "x-3738459472"]
[Black "cheese111"]
[Result "0-1"]
[WhiteElo "2366"]
[BlackElo "2348"]
[TimeControl "180+2"]
[EndTime "13:21:08 PDT"]
[Termination "cheese111 won by resignation"]

1. e4 d5 2. exd5 Nf6 3. Nf3 Bg4 4. h3 Bh5 5. c4 c6 6. d4 cxd5 7. Nc3 Nc6 8. cxd5 Nxd5 9. Bc4 Nxc3 10. bxc3 e6 11. Rb1 Be7 12. Be2 Qc7 13. O-O O-O 14.
Qb3 b6 15. Qb5 Bg6 16. Ra1 Rac8 17. Bd2 Rfd8 18. Rfe1 Na5 19. Ne5 Bd6 20. Nxg6 hxg6 21. Rac1 Nc4 22. Bxc4 Qxc4 23. Qxc4 Rxc4 24. Kf1 Rdc8 25.
Ke2 Ra4 26. Rc2 Rxd4 27. cxd4 Rxc2 28. a4 Rxd2+ 29. Kxd2 Bb4+ 30. Ke2 Bxe1 31. Kxe1 Kf8 32. Ke2 Ke7 33. Kd3 Kd6 34. Kc4 Kc6 35. f4 a6 36.
g4 Kd6 37. h4 Kc6 38. Kc3 Kd5 39. Kd3 b5 40. a5 b4 41. g5 f6 42. gxf6 gxf6 43.
Ke3 Kc4 44. Ke4 b3 0-1

[Event "*** MasterClass Titled Tuesday Blitz"]
[Site "Chess.com"]
[Date "2017.10.03"]
[Round "2"]
[White "IM_Michal_Luch"]
[Black "Morf1us"]
[Result "1/2-1/2"]
[WhiteElo "2477"]
[BlackElo "2426"]
[TimeControl "180+2"]
[EndTime "13:21:15 PDT"]
[Termination "Game drawn by agreement"]

1. d4 Nf6 2. c4 e6 3. Nc3 c5 4.
d5 exd5 5. cxd5 d6 6. Nf3 g6 7. h3 Bg7 8. e4 O-O 9. Bd3 a6 10. a4 Nbd7 11. O-O Nh5 12. Bg5 Bf6 13. Bh6 Re8 14. Qd2 Bg7 15. Bg5 Bf6 16. Be3 Bg7 17. Rfe1 Ne5 18. Be2 Nxf3+ 19. Bxf3 Nf6 20. Bg5 Qa5 21. Qf4 Qd8 22. Qh4 h6 23. Bxh6 Bxh6 24. Qxh6 Nd7 25. Bg4 Ne5 26. Bxc8 Rxc8 27. f4 Nd3 28. Re3 c4 29. Rg3 Qb6+ 30. Kh2 Qxb2 31. Rb1 Qxc3 32. Rxg6+ fxg6 33. Rxb7 Qf6 34. Qh7+ Kf8 35.
Qh6+ Kg8 36. Qh7+ Kf8 37. Qh6+ 1/2-1/2

[Event "*** MasterClass Titled Tuesday Blitz"]
[Site "Chess.com"]
[Date "2017.10.03"]
[Round "2"]
[White "Taron_Shagbazyan"]
[Black "sergiochess83"]
[Result "0-1"]
[WhiteElo "2516"]
[BlackElo "2715"]
[TimeControl "180+2"]
[EndTime "13:21:18 PDT"]
[Termination "sergiochess83 won by resignation"]

1. d4 Nf6 2. c4 g6 3. Nc3 d5 4. Qb3 dxc4 5. Qxc4 Bg7 6. e4 O-O 7. Bf4 c6 8. Nf3 b5 9. Qb3 Be6 10. Qc2 Qa5 11. Bd2 b4 12. Nd1 c5 13. d5 Bc8 14. Ne3 e6 15. Bc4 exd5 16. Nxd5 Bb7 17. Nxf6+ Bxf6 18. O-O Nc6 19. Rfe1 Nd4 20. Nxd4 Bxd4 21. e5 Qc7 22. e6 Qc6 23. Re4 Qxe4 24. Qxe4 Bxe4 25. exf7+ Rxf7 0-1

[Event "*** MasterClass Titled Tuesday Blitz"]
[Site "Chess.com"]
[Date "2017.10.03"]
[Round "2"]
[White "toad"]
[Black "Kazan28"]
[Result "1-0"]
[WhiteElo "2178"]
[BlackElo "2162"]
[TimeControl "180+2"]
[EndTime "13:21:19 PDT"]
[Termination "toad won on time"]

1. d4 Nf6 2. c4 g6 3. g3 Bg7 4.
Bg2 d6 5. Nf3 O-O 6. O-O Nc6 7.
Nc3 e5 8. dxe5 dxe5 9. Bg5 h6 10. Be3 Be6 11. b3 Kh7 12. Qxd8 Rfxd8 13. Rad1 Ng4 14. Bc1 f5 15. Rxd8 Rxd8 16. Rd1 e4 17. Nd5 exf3 18.
exf3 Nf6 19. f4 1-0

[Event "*** MasterClass Titled Tuesday Blitz"]
[Site "Chess.com"]
[Date "2017.10.03"]
[Round "2"]
[White "Quiet_Desperation"]
[Black "livestrong04"]
[Result "0-1"]
[WhiteElo "2325"]
[BlackElo "2344"]
[TimeControl "180+2"]
[EndTime "13:21:24 PDT"]
[Termination "livestrong04 won by resignation"]

1. e4 c5 2. Nf3 e6 3. d4 cxd4 4. Nxd4 a6 5. Bd3 Nf6 6. Nc3 Qc7 7. Be3 b5 8. a3 Bb7 9. O-O b4 10. axb4 Bxb4 11. Bd2 Bxc3 12. Bxc3 Nxe4 13. Bxe4 Bxe4 14. Qg4 Bg6 15. Nb5 Qc6 16. Qb4 axb5 17. Bxg7 Rg8 18.
Rxa8 Qxa8 19. Bf6 Nc6 20. Qc5 Be4 21. f3 Bd5 22. b3 Rg6 23. Bh4 Qa7 24. Qxa7 Nxa7 25.
Ra1 Nc8 26. c4 bxc4 27. bxc4 Bxf3 28. Bg3 Bc6 0-1

[Event "*** MasterClass Titled Tuesday Blitz"]
[Site "Chess.com"]
[Date "2017.10.03"]
[Round "2"]
[White "Muracle"]
[Black "dzhumagaliev"]
[Result "0-1"]
[WhiteElo "2478"]
[BlackElo "2606"]
[TimeControl "180+2"]
[EndTime "13:21:26 PDT"]
[Termination "dzhumagaliev won by checkmate"]

1. Nf3 c5 2. g3 b6 3. Bg2 Bb7 4. O-O Nf6 5. b3 e6 6. Bb2 Be7 7. d3 O-O 8. e4 d5 9. exd5 Bxd5 10. Nbd2 Nbd7 11. Qe2 Qc7 12. Ne4 Qb7 13. Nfg5 h6 14.
Nxf6+ Bxf6 15. Ne4 Bxb2 16. c4 Bxa1 17. cxd5 exd5 18. Nd6 Qc6 19. Nf5 Bf6 20. Qg4 Kh8 21. Ne3 Ne5 22. Qf5 Rad8 23. f4 Ng6 24. Ng4 Bd4+ 25.
Kh1 Qe6 26. Qh5 f5 27. Nf2 Ne7 28. Nh3 Qg6 29. Qe2 Ng8 30. Bf3 Nf6 31. Qe6 Rfe8 32. Qc6 Qf7 33. Qa4 Re3 34. Bg2 Ng4 35. b4 Rxd3 36.
bxc5 Bxc5 37. Qa6 Rd2 38. Re1 Qh5 39. Qb5 Qxh3 40. Bxh3 Rxh2# 0-1

[Event "*** MasterClass Titled Tuesday Blitz"]
[Site "Chess.com"]
[Date "2017.10.03"]
[Round "2"]
[White "michaelk123"]
[Black "MatthewG-p4p"]
[Result "0-1"]
[WhiteElo "2296"]
[BlackElo "2606"]
[TimeControl "180+2"]
[EndTime "13:21:35 PDT"]
[Termination "MatthewG-p4p won by resignation"]

1. e4 e6 2. d4 d5 3. Nc3 Bb4 4. exd5 exd5 5. Bd3 Nf6 6. a3 Bd6 7. Bg5 c6 8. Nge2 O-O 9. Qd2 Nbd7 10. O-O-O Re8 11. f3 Qc7 12. Rde1 b5 13. Nd1 a5 14.
Ne3 a4 15. Nf5 Bf8 16. Neg3 b4 17. Bxf6 Nxf6 18. axb4 a3 19. bxa3 Rxa3 20. Kb2 Ra8 21. Nh5 Rxe1 22. Nxf6+ gxf6 23. Rxe1 Bxf5 24. Bxf5 Qa7 25. Qc3 Qa2+ 26. Kc1 Qa1+ 27. Kd2 Bh6+ 28. Kd3 Qa6+ 0-1

[Event "*** MasterClass Titled Tuesday Blitz"]
[Site "Chess.com"]
[Date "2017.10.03"]
[Round "2"]
[White "TregubovP"]
[Black "catalin009"]
[Result "1-0"]
[WhiteElo "2524"]
[BlackElo "2350"]
[TimeControl "180+2"]
[EndTime "13:21:36 PDT"]
[Termination "TregubovP won by resignation"]

1. d4 f5 2. g3 Nf6 3. Bg2 e6 4. Nf3 Be7 5. O-O O-O 6. b3 d6 7.
Bb2 Ne4 8. Nbd2 Bf6 9. Nxe4 fxe4 10. Nd2 d5 11. e3 Bd7 12. f3 exf3 13. Qxf3 Nc6 14. Ba3 Be7 15. Bxe7 Qxe7 16. Qe2 Be8 17. Rxf8+ Qxf8 18. Rf1 Qd6 19. c3 Bg6 20. e4 Ne7 21. exd5 exd5 22. Bh3 Re8 23. Qe6+ Qxe6 24. Bxe6+ Kh8 25.
Nf3 c6 26. Ne5 a5 27. Nf7+ Bxf7 28. Rxf7 b6 29. Bd7 Rd8 30. Rxe7 1-0

[Event "*** MasterClass Titled Tuesday Blitz"]
[Site "Chess.com"]
[Date "2017.10.03"]
[Round "2"]
[White "ArnaudovP"]
[Black "pultineviciuspaulius"]
[Result "1-0"]
[WhiteElo "2460"]
[BlackElo "2433"]
[TimeControl "180+2"]
[EndTime "13:21:40 PDT"]
[Termination "ArnaudovP won by resignation"]

1. Nf3 Nf6 2. c4 e6 3. g3 a6 4. Bg2 b5 5. b3 Bb7 6. O-O Be7 7. d3 O-O 8. e4 d6 9. Re1 e5 10. Nc3 bxc4 11. bxc4 Nbd7 12. Rb1 Nc5 13. Ba3 Nfd7 14. d4 exd4 15. Nxd4 Re8 16. Nd5 Bf8 17. Qc2 g6 18.
Bxc5 Nxc5 19. Rxb7 Nxb7 20. Nc6 Qc8 21. Nf6+ Kh8 22.
Nxe8 Qxe8 23. Qb2+ Bg7 24. Qxb7 a5 25. a4 Rc8 26.
Bh3 f5 27. Kf1 Bc3 28. Re2 Qd7 29. exf5 Re8 30. Rxe8+ Qxe8 31. Qb8 Qxb8 32. Nxb8 gxf5 33.
Bxf5 Kg7 34. Nc6 Kf6 35. Bxh7 Ke6 36. Bg8+ Kd7 37. Bd5 1-0

[Event "*** MasterClass Titled Tuesday Blitz"]
[Site "Chess.com"]
[Date "2017.10.03"]
[Round "2"]
[White "djogrodek1"]
[Black "anon97531"]
[Result "1-0"]
[WhiteElo "2398"]
[BlackElo "2263"]
[TimeControl "180+2"]
[EndTime "13:21:40 PDT"]
[Termination "djogrodek1 won by resignation"]

1. e4 e6 2. d4 d5 3. Nd2 Nf6 4. e5 Nfd7 5. Bd3 c5 6. c3 Nc6 7.
Ne2 Qb6 8. Nf3 cxd4 9. cxd4 f6 10. exf6 Nxf6 11. O-O Bd6 12. Bf4 Bxf4 13. Nxf4 O-O 14. Qd2 Bd7 15. Rfe1 Rae8 16. Rad1 Kh8 17. Bb1 Re7 18.
Ng5 Ne4 19. Nxe4 dxe4 20. Rxe4 Ref7 21. Nh3 e5 22. Rh4 Bf5 23. Ng5 Nxd4 24. Nxf7+ Rxf7 25. Bxf5 Rxf5 26. Re1 Nc6 27. Rh3 g6 28. Rd3 Nd4 29. Rde3 Qf6 30. f3 Kg7 31. Qa5 Nc6 32. Qb5 Qf7 33.
Re4 Qc7 34. Qc5 Rf7 35. b4 a6 36. a4 Qd7 37. b5 axb5 38. axb5 Nd8 39. Rxe5 Qd2 40.
Re7 Rxe7 41. Qxe7+ Kh6 42. Qe3+ Qxe3+ 43. Rxe3 Kg7 44.
Re7+ Kf6 45. Rd7 Ne6 46. Rxb7 h5 47. b6 Ke5 48. Re7 Kd6 49. Rxe6+ 1-0

[Event "*** MasterClass Titled Tuesday Blitz"]
[Site "Chess.com"]
[Date "2017.10.03"]
[Round "2"]
[White "manubibi"]
[Black "evgenysharapov"]
[Result "0-1"]
[WhiteElo "2338"]
[BlackElo "2251"]
[TimeControl "180+2"]
[EndTime "13:21:54 PDT"]
[Termination "evgenysharapov won by resignation"]

1. e4 c5 2. Nf3 d6 3. d4 cxd4 4. Nxd4 Nf6 5. Nc3 Nc6 6. Bg5 Qb6 7. Nb3 e6 8. Qd2 Be7 9. O-O-O O-O 10. f4 Rd8 11. Bd3 a6 12. Kb1 Qc7 13. g4 b5 14.
Bxf6 Bxf6 15. g5 Bxc3 16. Qxc3 Bb7 17. h4 b4 18. Qd2 a5 19. g6 a4 20. gxh7+ Kh8 21.
Nc1 b3 22. cxb3 axb3 23. Nxb3 Na5 24. Nd4 Nc4 25. Qb4 d5 26. Rc1 Rdb8 27. Qc3 Qxf4 28. Bxc4 dxc4 29. Rhf1 Bxe4+ 30. Ka1 Rxa2+ 31. Kxa2 Ra8+ 32. Qa3 Rxa3+ 33. Kxa3 Qe3+ 0-1

[Event "*** MasterClass Titled Tuesday Blitz"]
[Site "Chess.com"]
[Date "2017.10.03"]
[Round "2"]
[White "Tibmat"]
[Black "matiss90"]
[Result "0-1"]
[WhiteElo "2385"]
[BlackElo "2288"]
[TimeControl "180+2"]
[EndTime "13:21:55 PDT"]
[Termination "matiss90 won by resignation"]

1. e4 c5 2. Nf3 d6 3. Bb5+ Bd7 4.
Bxd7+ Qxd7 5. c4 Nf6 6. Nc3 Nc6 7. d4 cxd4 8. Nxd4 g6 9. f3 Bg7 10. Be3 O-O 11. O-O Rac8 12. b3 a6 13. Qd3 Ne5 14. Qe2 b5 15. Nd5 Nxd5 16. cxd5 f5 17. exf5 gxf5 18. Ne6 Ng6 19. Nxg7 Kxg7 20. Bd4+ Kg8 21.
Rfe1 Rf7 22. Qd2 f4 23. Re6 Rf5 24. Bb2 Rc5 25. Rae1 Rcxd5 26. Qc3 Rfe5 27. R6xe5 dxe5 28. Rc1 Rd1+ 29. Rxd1 Qxd1+ 30. Kf2 Qd6 31. Qc8+ Kf7 32. Qf5+ Kg7 33. Bc3 Qc5+ 0-1

[Event "*** MasterClass Titled Tuesday Blitz"]
[Site "Chess.com"]
[Date "2017.10.03"]
[Round "2"]
[White "ka1ser64"]
[Black "Semetey"]
[Result "0-1"]
[WhiteElo "2317"]
[BlackElo "2416"]
[TimeControl "180+2"]
[EndTime "13:22:02 PDT"]
[Termination "Semetey won by resignation"]

1. d4 Nf6 2. c4 e6 3. Nc3 c5 4. d5 exd5 5. cxd5 d6 6. e4 a6 7. a4 g6 8. h3 Bg7 9. Nf3 O-O 10. Bd3 Re8 11. O-O Nbd7 12. Bf4 Ne5 13. Nxe5 dxe5 14. Bg5 Qd6 15. Qd2 Bd7 16. a5 Rac8 17. Bc4 Nh5 18. Ne2 f5 19. exf5 gxf5 20. f4 e4 21. Ra3 h6 22. Bh4 Kh7 23. Ng3 Nf6 24. Rf2 Rg8 25. Nf1 Nh5 26. g3 Bd4 27.
Kh2 Rg6 28. Ne3 Rcg8 29. Rg2 Nxf4 30. gxf4 Qxf4+ 31. Bg3 Rxg3 32. d6 Rxg2+ 0-1

[Event "*** MasterClass Titled Tuesday Blitz"]
[Site "Chess.com"]
[Date "2017.10.03"]
[Round "2"]
[White "PulpanJ"]
[Black "robbykevlishvili"]
[Result "0-1"]
[WhiteElo "2330"]
[BlackElo "2261"]
[TimeControl "180+2"]
[EndTime "13:22:03 PDT"]
[Termination "robbykevlishvili won by resignation"]

1. Nf3 Nf6 2. d4 d5 3. Bf4 e6 4.
e3 c5 5. c3 Nc6 6. Nbd2 Bd6 7. Bg3 O-O 8. Bb5 Be7 9. O-O Qb6 10.
a4 a6 11. Bxc6 bxc6 12. dxc5 Qxc5 13. Ne5 a5 14. Re1 Ba6 15. b4 axb4 16. cxb4 Qb6 17. Rb1 Bxb4 18. Nxc6 Qxc6 19. Rxb4 Rfc8 20. Be5 Nd7 21. Ba1 e5 22. Nf3 f6 23. Rg4 Qe6 24.
Rg3 Nc5 25. Nd2 Nd3 26. Rf1 Rc1 27. Qh5 Nf4 28. exf4 Bxf1 29. Nxf1 Qa6 30. Rxg7+ Kxg7 31. Qg4+ Kh8 32. h4 Qxf1+ 33. Kh2 Rg8 34. Kg3 Rxg4+ 0-1

[Event "*** MasterClass Titled Tuesday Blitz"]
[Site "Chess.com"]
[Date "2017.10.03"]
[Round "2"]
[White "ehrenfeld"]
[Black "timator"]
[Result "1/2-1/2"]
[WhiteElo "2317"]
[BlackElo "2411"]
[TimeControl "180+2"]
[EndTime "13:22:03 PDT"]
[Termination "Game drawn by agreement"]

1. e4 c5 2. Nf3 Nc6 3. Bb5 e6 4. Bxc6 bxc6 5. d3 Ne7 6. Ng5 Ng6 7. O-O Be7 8. Nh3 O-O 9. f4 f5 10. e5 d5 11. exd6 Bxd6 12. Na3 Bc7 13. Nc4 Ba6 14. Kh1 Bxc4 15. dxc4 Qe7 16. Qe2 e5 17. Bd2 e4 18.
Rad1 Rad8 19. Be3 Rxd1 20. Rxd1 Rd8 21. g3 Bb6 22. Nf2 Nf8 23. Kg2 Ne6 24. c3 Bc7 25. Rxd8+ Qxd8 26. b4 h6 27. b5 g5 28. Nh3 gxf4 29. Nxf4 Nxf4+ 30. Bxf4 Bxf4 31. gxf4 Qc7 32. Qh5 cxb5 33. Qg6+ Qg7 34. Qxg7+ Kxg7 35. cxb5 Kf7 36. c4 Ke7 37. a4 Kd6 38. a5 Kc7 39. Kf2 Kb7 1/2-1/2

[Event "*** MasterClass Titled Tuesday Blitz"]
[Site "Chess.com"]
[Date "2017.10.03"]
[Round "2"]
[White "Shtembuliak"]
[Black "SabinaFoisor"]
[Result "1-0"]
[WhiteElo "2612"]
[BlackElo "2292"]
[TimeControl "180+2"]
[EndTime "13:22:06 PDT"]
[Termination "Shtembuliak won on time"]

1. Nf3 d5 2. g3 Nf6 3. Bg2 e6 4.
O-O Be7 5. c4 O-O 6. Ne5 d4 7. e3 c5 8. d3 Bd6 9. exd4 cxd4 10. Re1 Bxe5 11. Rxe5 Nc6 12. Re1 Re8 13. a3 a5 14. Bg5 e5 15. Nd2 Bf5 16. Ne4 Bxe4 17.
Bxe4 h6 18. Bxf6 Qxf6 19. Qa4 Qd6 20. Re2 Ra7 21. Rae1 Re7 22. Bd5 Kh7 23. Be4+ g6 24. Qb5 Nd8 25. c5 Qd7 26. Qc4 Kg7 27. Bd5 f6 28. f4 Nc6 29. Bxc6 bxc6 30. fxe5 fxe5 31. Rxe5 Rxe5 32. Rxe5 Qd8 33. Re4 Rd7 34. Qe6 Rf7 35. Qe5+ Kh7 36. Qxd4 Qg5 37. Qe3 1-0

[Event "*** MasterClass Titled Tuesday Blitz"]
[Site "Chess.com"]
[Date "2017.10.03"]
[Round "2"]
[White "Diwi89"]
[Black "Noukii"]
[Result "1-0"]
[WhiteElo "2528"]
[BlackElo "2691"]
[TimeControl "180+2"]
[EndTime "13:22:12 PDT"]
[Termination "Diwi89 won by resignation"]

1. e4 e5 2. Nc3 Nf6 3. f4 d5 4. fxe5 Nxe4 5. Qf3 Nxc3 6. dxc3 Be6 7. Bf4 Nd7 8. O-O-O c6 9. Ne2 Bc5 10. Nd4 Bxd4 11.
cxd4 Qa5 12. Kb1 O-O-O 13. Bd3 Rdf8 14. Qg3 g6 15. c3 h6 16. Rhf1 Qd8 17. h4 Qe7 18.
Bc1 Kb8 19. Rf4 Ka8 20. Rdf1 a6 21. Qf2 Ka7 22. b3 Ka8 23. a4 c5 24. Ba3 Rc8 25. Rxf7 Bxf7 26. Qxf7 Qd8 27. e6 cxd4 28. exd7 Rxc3 29.
Bc2 d3 30. Bd1 Qb6 31. Qxd5 Rd8 32. Rf8 d2 33. Rxd8+ Qxd8 34. Be7 Rc1+ 35. Ka2 1-0

[Event "*** MasterClass Titled Tuesday Blitz"]
[Site "Chess.com"]
[Date "2017.10.03"]
[Round "2"]
[White "Iball95"]
[Black "Oleksandr_Bortnyk"]
[Result "0-1"]
[WhiteElo "2525"]
[BlackElo "2842"]
[TimeControl "180+2"]
[EndTime "13:22:13 PDT"]
[Termination "Oleksandr_Bortnyk won by checkmate"]

1. e4 e5 2. Nf3 Nc6 3. Nc3 Be7 4. d4 d6 5. Bb5 exd4 6. Nxd4 Bd7 7. Bxc6 bxc6 8.
Qf3 Bf6 9. e5 Bxe5 10. Nxc6 Bxc6 11. Qxc6+ Kf8 12. O-O Ne7 13. Qf3 Rb8 14. Bg5 f6 15. Rab1 Bxc3 16. bxc3 Kf7 17. Be3 Qd7 18. Bxa7 Rxb1 19. Rxb1 Qa4 20. Bd4 Qxa2 21. Re1 Qxc2 22.
Qb7 Rc8 23. g3 Qf5 24. h4 h5 25. Qb3+ Kf8 26. Qb7 Ng6 27. Kg2 Qg4 28. Kf1 Qf5 29.
Kg2 Kg8 30. Kg1 Kh7 31. Kg2 c5 32. Be3 Re8 33. Rd1 Nxh4+ 34. Kf1 Rxe3 35. gxh4 Qh3+ 36. Kg1 Qg4+ 37. Kh2 Rh3# 0-1

[Event "*** MasterClass Titled Tuesday Blitz"]
[Site "Chess.com"]
[Date "2017.10.03"]
[Round "2"]
[White "VladDobrov"]
[Black "Oneofmyturns"]
[Result "0-1"]
[WhiteElo "2622"]
[BlackElo "2579"]
[TimeControl "180+2"]
[EndTime "13:22:14 PDT"]
[Termination "Oneofmyturns won by resignation"]

1. d4 Nf6 2. c4 g6 3. g3 c6 4. Bg2 d5 5. e3 Bg7 6. Ne2 O-O 7. O-O dxc4 8. Na3 c5 9. Nxc4 cxd4 10. Nxd4 Nd5 11.
Qb3 Nc6 12. Nxc6 bxc6 13. e4 Nb6 14. Rd1 Qc7 15. Qc2 Nxc4 16. Qxc4 Be6 17. Qa4 Rfd8 18. Rxd8+ Rxd8 19. Rb1 Rd4 20. Qc2 Bxa2 21. Ra1 Be6 22. Be3 Rb4 23. Rxa7 Qd8 24. Bf1 Bd4 25. Qd2 c5 26.
Bxd4 Rxd4 27. Qc3 Rd1 28. Kg2 Qc8 29. f3 0-1

[Event "*** MasterClass Titled Tuesday Blitz"]
[Site "Chess.com"]
[Date "2017.10.03"]
[Round "2"]
[White "bancsoo"]
[Black "OparinGrigoriy"]
[Result "1/2-1/2"]
[WhiteElo "2552"]
[BlackElo "2657"]
[TimeControl "180+2"]
[EndTime "13:22:22 PDT"]
[Termination "Game drawn - insufficient material"]

1. Nf3 d5 2. g3 c6 3. Bg2 Nf6 4. O-O Bg4 5. h3 Bh5 6. c4 e6 7. cxd5 Bxf3 8. Bxf3 cxd5 9. d4 Nc6 10. Nc3 Bd6 11. e3 O-O 12. Bg2 a6 13. Bd2 Qe7 14.
Qe2 Rfc8 15. Rfc1 Rc7 16. Be1 Rac8 17. f3 e5 18. dxe5 Nxe5 19. f4 Nc4 20. Bf2 Bc5 21. Nxd5 Nxd5 22. Bxd5 Nxe3 23. Bf3 Nf5 24. Qxe7 Bxf2+ 25. Kxf2 Nxe7 26. Rxc7 Rxc7 27. Re1 g6 28. Re2 h5 29.
Rd2 Kg7 30. g4 hxg4 31. hxg4 g5 32. fxg5 Kg6 33. Rd6+ Kxg5 34. Rb6 Nc6 35. Bxc6 Rxc6 36. Rxc6 bxc6 37. Kf3 f5 38. gxf5 Kxf5 39. Ke3 Ke5 40.
Kd3 Kd5 41. Kc3 Kc5 42. Kb3 Kb5 43. Ka3 Ka5 44. Kb3 Kb5 45. a3 a5 46. a4+ Kc5 47. Kc3 Kd5 48. b4 Kd6 49. bxa5 Kc7 50. a6 Kb6 51. a7 Kxa7 52. Kc4 Ka6 53. a5 Kxa5 54.
Kc5 Ka4 55. Kxc6 1/2-1/2

[Event "*** MasterClass Titled Tuesday Blitz"]
[Site "Chess.com"]
[Date "2017.10.03"]
[Round "2"]
[White "GM_dmitrij"]
[Black "Gabix_94"]
[Result "1-0"]
[WhiteElo "2662"]
[BlackElo "2499"]
[TimeControl "180+2"]
[EndTime "13:22:27 PDT"]
[Termination "GM_dmitrij won by resignation"]

1. e4 c5 2. Nf3 e6 3. d4 cxd4 4.
Nxd4 Nc6 5. Nc3 Qc7 6. Be3 a6 7. Qf3 Bd6 8. O-O-O Be5 9. g3 Nge7 10. Qe2 b5 11. f4 Nxd4 12. Bxd4 Bxd4 13. Rxd4 Bb7 14. Bg2 Rc8 15. Rhd1 Bc6 16. e5 Nf5 17. R4d3 O-O 18. Bxc6 Qxc6 19. g4 Nh6 20. h3 Rc7 21. Rd6 Qb7 22. Qe4 Qc8 23. Qd3 Rd8 24. Ne4 Kh8 25. Kb1 Kg8 26. c3 Qb7 27. Ng5 g6 28. Ne4 Kg7 29. Qe3 Rc4 30. Nf6 Ng8 31. Nxd7 b4 32. Nc5 Rxd6 33. exd6 Qb6 34. cxb4 Rxb4 35.
Qc3+ f6 36. d7 Rxf4 37. d8=Q 1-0